TOP OF THE 1ST |
Asheville Tourists batting - Pitching for Montgomery Rebels : RHP Ricardo Posada
|
Pitching: RHP Ricardo Posada
|
|
Batting: RHB Ulises Infante
|
0-0: Fly out, F8 (Flyball, 8RXD, EV 100.6 MPH)
|
Batting: LHB Elias Nava
|
0-0: Fly out, F7 (Flyball, 7S, EV 91.3 MPH)
|
Batting: LHB Donald Mazzilli
|
0-0: Ball 1-0: Swinging Strike 1-1: Called Strike 1-2: Foul Ball, location: 2F 1-2: Fly out, F7 (Line Drive, 7D, EV 94.4 MPH)
|
Top of the 1st over - 0 runs, 0 hits, 0 errors, 0 left on base; Asheville 0 - Montgomery 0 |
BOTTOM OF THE 1ST |
Montgomery Rebels batting - Pitching for Asheville Tourists : RHP Stan Webb
|
Pitching: RHP Stan Webb
|
|
Batting: LHB Oscar Ramirez
|
0-0: Ball 1-0: Ball 2-0: Ball 3-0: Called Strike 3-1: Base on Balls
|
Batting: RHB Greg Tabor
|
0-0: Ball 1-0: Ball 2-0: Called Strike 2-1: Fly out, F8 (Flyball, 78D, EV 100.0 MPH)
|
Batting: LHB Joe Orsulak
|
0-0: Ball 1-0: Fly out, F8 (Flyball, 8LXD, EV 103.8 MPH) Runner from 1st tags up, SAFE at 2nd
|
Batting: RHB Joseph Scherger
|
0-0: Ball 1-0: Foul Ball, location: 2F 1-1: Called Strike 1-2: Ball 2-2: TRIPLE (Line Drive, 78XD, EV 109.4 MPH) Oscar Ramirez scores
|
Batting: LHB Mark Bingham
|
0-0: Ball 1-0: Ball 2-0: SINGLE (Groundball, 6MS, EV 60.0 MPH) (infield hit) Joseph Scherger scores
|
Batting: LHB Robert Wing
|
0-0: Swinging Strike 0-1: Ball 1-1: Ball 2-1: Foul Ball, location: 2F 2-2: Fly out, F6 (Line Drive, 6, EV 70.6 MPH)
|
Bottom of the 1st over - 2 runs, 2 hits, 0 errors, 1 left on base; Asheville 0 - Montgomery 2 |
TOP OF THE 2ND |
Asheville Tourists batting - Pitching for Montgomery Rebels : RHP Ricardo Posada
|
Batting: SHB Dan Hanggie
|
0-0: Fly out, F8 (Flyball, 8RD, EV 109.4 MPH)
|
Batting: LHB Michael Wishnevski
|
0-0: DOUBLE (Line Drive, 78M, EV 93.8 MPH)
|
Batting: LHB Michael Robbins
|
0-0: Foul Ball, location: 2F 0-1: Ball 1-1: Fly out, F7 (Line Drive, 78S, EV 108.8 MPH)
|
Batting: RHB Mike Garcia
|
0-0: Ground out 6-3 (Groundball, 6, EV 101.3 MPH)
|
Top of the 2nd over - 0 runs, 1 hit, 0 errors, 1 left on base; Asheville 0 - Montgomery 2 |
BOTTOM OF THE 2ND |
Montgomery Rebels batting - Pitching for Asheville Tourists : RHP Stan Webb
|
Batting: SHB Keith Spreckels
|
0-0: Ball 1-0: Foul Ball, location: 2F 1-1: Ball 2-1: Called Strike 2-2: Strikes out looking
|
Batting: RHB Joe Maddon
|
0-0: Ball 1-0: Foul Ball, location: 2F 1-1: Fly out, F8 (Line Drive, 8LM, EV 95.0 MPH)
|
Batting: RHB Nario Campione
|
0-0: Swinging Strike 0-1: SINGLE (Groundball, 34D, EV 93.8 MPH)
|
Batting: LHB Oscar Ramirez
|
0-0: Called Strike 0-1: Fly out, F8 (Flyball, 89M, EV 73.1 MPH)
|
Bottom of the 2nd over - 0 runs, 1 hit, 0 errors, 1 left on base; Asheville 0 - Montgomery 2 |
TOP OF THE 3RD |
Asheville Tourists batting - Pitching for Montgomery Rebels : RHP Ricardo Posada
|
Batting: SHB Wayne Simmons
|
0-0: Ball 1-0: Foul Ball, location: 2F 1-1: Called Strike 1-2: Foul Ball, location: 2F 1-2: Ball 2-2: Ball 3-2: Strikes out looking
|
Batting: RHB Thomas Wright
|
0-0: Ball 1-0: Ball 2-0: Called Strike 2-1: Swinging Strike 2-2: Foul Ball, location: 2F 2-2: Strikes out swinging
|
Batting: RHB Ulises Infante
|
0-0: Swinging Strike 0-1: Foul Ball, location: 2F 0-2: Ball 1-2: Foul Ball, location: 2F 1-2: Ground out U3 (Groundball, 3L, EV 80.0 MPH)
|
Top of the 3rd over - 0 runs, 0 hits, 0 errors, 0 left on base; Asheville 0 - Montgomery 2 |
BOTTOM OF THE 3RD |
Montgomery Rebels batting - Pitching for Asheville Tourists : RHP Stan Webb
|
Batting: RHB Greg Tabor
|
0-0: Fly out, F7 (Flyball, 78S, EV 87.5 MPH)
|
Batting: LHB Joe Orsulak
|
0-0: Foul Ball, location: 2F 0-1: Ball 1-1: SINGLE (Flyball, 78S, EV 90.6 MPH)
|
Batting: RHB Joseph Scherger
|
0-0: Ball 1-0: Ball 2-0: Foul Ball, location: 2F 2-1: Fly out, F3 (Popup, 3SF, EV 80.0 MPH)
|
Batting: LHB Mark Bingham
|
0-0: Called Strike 0-1: Fly out, F5 (Popup, 5F, EV 66.3 MPH)
|
Bottom of the 3rd over - 0 runs, 1 hit, 0 errors, 1 left on base; Asheville 0 - Montgomery 2 |
TOP OF THE 4TH |
Asheville Tourists batting - Pitching for Montgomery Rebels : RHP Ricardo Posada
|
Batting: LHB Elias Nava
|
0-0: Foul Ball, location: 2F 0-1: Ground out 4-3 (Groundball, 4, EV 81.3 MPH)
|
Batting: LHB Donald Mazzilli
|
0-0: Called Strike 0-1: Ball 1-1: Foul Ball, location: 2F 1-2: Strikes out looking
|
Batting: SHB Dan Hanggie
|
0-0: Foul Ball, location: 2F 0-1: Ball 1-1: Foul Ball, location: 2F 1-2: Foul Ball, location: 2F 1-2: Ball 2-2: Ball 3-2: Fly out, F8 (Flyball, 8RM, EV 88.1 MPH)
|
Top of the 4th over - 0 runs, 0 hits, 0 errors, 0 left on base; Asheville 0 - Montgomery 2 |
BOTTOM OF THE 4TH |
Montgomery Rebels batting - Pitching for Asheville Tourists : RHP Stan Webb
|
Batting: LHB Robert Wing
|
0-0: Ball 1-0: Ground out U3 (Groundball, 34S, EV 66.9 MPH)
|
Batting: SHB Keith Spreckels
|
0-0: Called Strike 0-1: Ball 1-1: Foul Ball, location: 2F 1-2: Ground out 2-3 (Groundball, 15S, EV 68.8 MPH)
|
Batting: RHB Joe Maddon
|
0-0: Ball 1-0: Foul Ball, location: 2F 1-1: Foul Ball, location: 2F 1-2: Strikes out swinging
|
Bottom of the 4th over - 0 runs, 0 hits, 0 errors, 0 left on base; Asheville 0 - Montgomery 2 |
TOP OF THE 5TH |
Asheville Tourists batting - Pitching for Montgomery Rebels : RHP Ricardo Posada
|
Batting: LHB Michael Wishnevski
|
0-0: Ball 1-0: Ground out 5-3 (Groundball, 5S, EV 79.4 MPH)
|
Batting: LHB Michael Robbins
|
0-0: Foul Ball, location: 2F 0-1: Foul Ball, location: 2F 0-2: Foul Ball, location: 2F 0-2: Ground out 5-3 (Groundball, 5, EV 80.0 MPH)
|
Batting: RHB Mike Garcia
|
0-0: Called Strike 0-1: Called Strike 0-2: Foul Ball, location: 2F 0-2: Strikes out swinging
|
Top of the 5th over - 0 runs, 0 hits, 0 errors, 0 left on base; Asheville 0 - Montgomery 2 |
BOTTOM OF THE 5TH |
Montgomery Rebels batting - Pitching for Asheville Tourists : RHP Stan Webb
|
Batting: RHB Nario Campione
|
0-0: Called Strike 0-1: Foul Ball, location: 2F 0-2: Strikes out swinging
|
Batting: LHB Oscar Ramirez
|
0-0: Foul Ball, location: 2F 0-1: Ball 1-1: Fly out, F8 (Flyball, 8LM, EV 94.4 MPH)
|
Batting: RHB Greg Tabor
|
0-0: Swinging Strike 0-1: Foul Ball, location: 2F 0-2: Ball 1-2: Ball 2-2: Ball 3-2: Base on Balls
|
Batting: LHB Joe Orsulak
|
0-0: Called Strike 0-1: Ball 1-1: Foul Ball, location: 2F 1-2: Ball 2-2: Fielders Choice at 2nd, U6 (Groundball, 6M, EV 84.4 MPH)
|
Bottom of the 5th over - 0 runs, 0 hits, 0 errors, 1 left on base; Asheville 0 - Montgomery 2 |
TOP OF THE 6TH |
Asheville Tourists batting - Pitching for Montgomery Rebels : RHP Ricardo Posada
|
Batting: SHB Wayne Simmons
|
0-0: Ball 1-0: Called Strike 1-1: Ball 2-1: Fly out, F9 (Flyball, 89D, EV 86.9 MPH)
|
Batting: RHB Thomas Wright
|
0-0: Ball 1-0: Ball 2-0: Called Strike 2-1: Foul Ball, location: 2F 2-2: Ball 3-2: Strikes out swinging
|
Batting: RHB Ulises Infante
|
0-0: Ball 1-0: Called Strike 1-1: Swinging Strike 1-2: Ball 2-2: Strikes out swinging
|
Top of the 6th over - 0 runs, 0 hits, 0 errors, 0 left on base; Asheville 0 - Montgomery 2 |
BOTTOM OF THE 6TH |
Montgomery Rebels batting - Pitching for Asheville Tourists : RHP Stan Webb
|
Batting: RHB Joseph Scherger
|
0-0: Ball 1-0: SINGLE (Line Drive, 8RM, EV 108.8 MPH)
|
Batting: LHB Mark Bingham
|
0-0: Foul Ball, location: 2F 0-1: Called Strike 0-2: Foul Ball, location: 2F 0-2: Foul Ball, location: 2F 0-2: Ball 1-2: Strikes out looking
|
Batting: LHB Robert Wing
|
0-0: Ball 1-0: Fly out, F4 (Line Drive, 4, EV 68.8 MPH)
|
Batting: SHB Keith Spreckels
|
0-0: Ball 1-0: Ball 2-0: Ball 3-0: Base on Balls Joseph Scherger to second
|
Batting: RHB Joe Maddon
|
0-0: Called Strike 0-1: Fly out, F8 (Flyball, 8RD, EV 78.8 MPH)
|
Bottom of the 6th over - 0 runs, 1 hit, 0 errors, 2 left on base; Asheville 0 - Montgomery 2 |
TOP OF THE 7TH |
Asheville Tourists batting - Pitching for Montgomery Rebels : RHP Ricardo Posada
|
Batting: LHB Elias Nava
|
0-0: Foul Ball, location: 2F 0-1: Ball 1-1: Ball 2-1: Ground out U3 (Groundball, 3, EV 84.4 MPH)
|
Batting: LHB Donald Mazzilli
|
0-0: Ball 1-0: Ball 2-0: Ball 3-0: Called Strike 3-1: Foul Ball, location: 2F 3-2: Ground out 6-3 (Groundball, 6, EV 91.9 MPH)
|
Batting: SHB Dan Hanggie
|
0-0: Ball 1-0: Ball 2-0: Called Strike 2-1: Called Strike 2-2: Foul Ball, location: 2F 2-2: Ball 3-2: Foul Ball, location: 2F 3-2: Foul Ball, location: 2F 3-2: Fly out, F7 (Flyball, 7D, EV 100.0 MPH)
|
Top of the 7th over - 0 runs, 0 hits, 0 errors, 0 left on base; Asheville 0 - Montgomery 2 |
BOTTOM OF THE 7TH |
Montgomery Rebels batting - Pitching for Asheville Tourists : RHP Stan Webb
|
Batting: RHB Nario Campione
|
0-0: Called Strike 0-1: Ball 1-1: Ball 2-1: Ground out U3 (Groundball, 13, EV 79.4 MPH)
|
Batting: LHB Oscar Ramirez
|
0-0: Ground out 3-1 (Groundball, 3D, EV 102.5 MPH)
|
Batting: RHB Greg Tabor
|
0-0: Foul Ball, location: 2F 0-1: Ball 1-1: Ball 2-1: Called Strike 2-2: Foul Ball, location: 2F 2-2: SINGLE (Line Drive, 56D, EV 95.6 MPH)
|
Batting: LHB Joe Orsulak
|
0-0: Foul Ball, location: 2F 0-1: Foul Ball, location: 2F 0-2: Fly out, F8 (Flyball, 78D, EV 80.0 MPH)
|
Bottom of the 7th over - 0 runs, 1 hit, 0 errors, 1 left on base; Asheville 0 - Montgomery 2 |
TOP OF THE 8TH |
Asheville Tourists batting - Pitching for Montgomery Rebels : RHP Ricardo Posada
|
Batting: LHB Michael Wishnevski
|
0-0: Ball 1-0: Foul Ball, location: 2F 1-1: SINGLE (Line Drive, 9LS, EV 99.4 MPH)
|
Batting: LHB Michael Robbins
|
0-0: Ball 1-0: Ball 2-0: Ball 3-0: Base on Balls Michael Wishnevski to second
|
Pinch Hitting: LHB Daniel McInerny
|
0-0: Ball 1-0: Ball 2-0: Grounds into double play, 4-6-3 (Groundball, 4, EV 82.5 MPH) Michael Wishnevski to third
|
Batting: SHB Wayne Simmons
|
0-0: Foul Ball, location: 2F 0-1: Foul Ball, location: 2F 0-2: SINGLE (Groundball, 34D, EV 106.9 MPH) Michael Wishnevski scores
|
Batting: RHB Thomas Wright
|
0-0: Ball 1-0: Fielders Choice at 2nd, 5-4 (Groundball, 56, EV 91.3 MPH)
|
Top of the 8th over - 1 run, 2 hits, 0 errors, 1 left on base; Asheville 1 - Montgomery 2 |
BOTTOM OF THE 8TH |
Montgomery Rebels batting - Pitching for Asheville Tourists : RHP Stan Webb
|
Now at 2B: Jack Ramirez
|
|
Batting: RHB Joseph Scherger
|
0-0: Ball 1-0: Called Strike 1-1: Called Strike 1-2: Strikes out looking
|
Batting: LHB Mark Bingham
|
0-0: Ball 1-0: Ground out U3 (Groundball, 3L, EV 96.9 MPH)
|
Batting: LHB Robert Wing
|
0-0: Ball 1-0: Foul Ball, location: 2F 1-1: Ground out 6-3 (Groundball, P, EV 81.9 MPH)
|
Bottom of the 8th over - 0 runs, 0 hits, 0 errors, 0 left on base; Asheville 1 - Montgomery 2 |
TOP OF THE 9TH |
Asheville Tourists batting - Pitching for Montgomery Rebels : RHP Ricardo Posada
|
Pitching: LHP Chuck McMichael
|
|
Now at 1B: Michael Rogers
|
|
Now in CF: Rick Peters
|
|
Batting: RHB Ulises Infante
|
0-0: Called Strike 0-1: Foul Ball, location: 2F 0-2: Ball 1-2: Foul Ball, location: 2F 1-2: Foul Ball, location: 2F 1-2: Ball 2-2: Ground out 4-3 (Groundball, 4, EV 85.6 MPH)
|
Pinch Hitting: RHB Wes Robbins
|
0-0: Ball 1-0: Ball 2-0: Called Strike 2-1: Ball 3-1: Ground out 5-3 (Groundball, 5S, EV 66.9 MPH)
|
Batting: LHB Donald Mazzilli
|
0-0: Called Strike 0-1: Ball 1-1: Foul Ball, location: 2F 1-2: Ball 2-2: Foul Ball, location: 2F 2-2: SINGLE (Groundball, 56, EV 98.1 MPH)
|
Batting: SHB Dan Hanggie
|
0-0: Ball 1-0: Swinging Strike 1-1: Ball 2-1: Foul Ball, location: 2F 2-2: Ball 3-2: Base on Balls Donald Mazzilli to second
|
Pitching: RHP Tony Tinoco
|
|
Batting: LHB Michael Wishnevski
|
0-0: Ball 1-0: Foul Ball, location: 2F 1-1: Ball 2-1: Foul Ball, location: 2F 2-2: Ball 3-2: Foul Ball, location: 2F 3-2: Foul Ball, location: 2F 3-2: Ground out 1-3 (Groundball, 15S, EV 65.0 MPH)
|
Top of the 9th over - 0 runs, 1 hit, 0 errors, 2 left on base; Asheville 1 - Montgomery 2 |
|